 Dungeon Crawl Stone Soup version 0.19.5 (webtiles) character file.

265 equalderp2856 the Skirmisher (level 5, -1/42 HPs)
             Began as a Mummy Fighter on Mar 30, 2017.
             Slain by an adder (2 damage)
             ... on level 2 of the Dungeon.
             The game lasted 00:12:50 (4937 turns).

equalderp2856 the Skirmisher (Mummy Fighter)        Turns: 4937, Time: 00:12:51

Health: -1/42      AC:  2    Str: 21    XL:     5   Next: 99%
Magic:  5/5        EV:  9    Int:  7    God:
Gold:   127        SH:  9    Dex: 11    Spells: 0 memorised, 4 levels left

rFire  x . .     SeeInvis .     p - +0 falchion (flame)
rCold  + . .     Gourm    .     l - +0 robe (curse)
rNeg   + + +     Faith    .     c - +0 shield
rPois  ∞         Spirit   .     (no helmet)
rElec  .         Reflect  .     (no cloak)
rCorr  .         Harm     .     (no gloves)
MR     .....                    (no boots)
Stlth  +.........               (no amulet)
                                (no ring)
                                (no ring)

@: no status effects
A: no food or potions, fire vulnerability, cold resistance 1, negative energy
resistance 3, torment resistance, unbreathing
a: no special abilities


You were on level 2 of the Dungeon.
You were not hungry.

You visited 1 branch of the dungeon, and saw 5 of its levels.

You collected 127 gold pieces.

Inventory:

Hand Weapons
 a - a +0 long sword
 p - a +0 falchion of flaming (weapon)
Armour
 b - a +0 scale mail
 c - a +0 shield (worn)
 l - a cursed +0 robe (worn)
Jewellery
 g - an uncursed ring of protection from magic {unknown}
 i - an uncursed ring of fire {unknown}
 o - an uncursed ring of protection from cold {unknown}
 q - a cursed -3 ring of protection {unknown}
 r - a cursed ring of loudness {unknown}
Scrolls
 d - 7 scrolls of identify {unknown}
 e - 8 scrolls of remove curse {unknown}
 f - 2 scrolls of amnesia {unknown}
 h - 2 scrolls of blinking {unknown}
 j - a scroll of random uselessness {unknown}
 k - a scroll of immolation {unknown}
 m - a scroll of enchant armour {unknown}
 n - a scroll of recharging {unknown}


   Skills:
 + Level 3.9 Fighting
 + Level 3.2 Long Blades
 + Level 3.0 Armour
 + Level 1.2 Dodging
 + Level 0.1 Stealth
 + Level 3.3 Shields


You had 4 spell levels left.
You didn't know any spells.

Dungeon Overview and Level Annotations

Branches:
Dungeon (5/15)
 Temple: D:4-7

Altars:
Ashenzari
Fedhas
Kikubaaqudgha
Makhleb
Nemelex Xobeh
Qazlal
The Shining One


Innate Abilities, Weirdness & Mutations

You do not eat or drink.
Your flesh is vulnerable to fire.
You are immune to poison.
Your flesh is cold resistant. (rC+)
You are immune to negative energy. (rN+++)
You are immune to unholy pain and torment.
You can survive without breathing.


Message History

You closely miss the adder. The adder closely misses you.
You riposte.
You closely miss the adder. You barely miss the adder. The adder bites you.
* * * LOW HITPOINT WARNING * * *
The adder bites you.
* * * LOW HITPOINT WARNING * * *
You hit the adder but do no damage. The adder bites you.
* * * LOW HITPOINT WARNING * * *
The adder bites you but does no damage.
You hit the adder. You burn the adder.
The adder is heavily wounded.
You block the adder's attack.
You closely miss the adder.
The adder is heavily wounded.
You block the adder's attack. The adder bites you.
* * * LOW HITPOINT WARNING * * *
You closely miss the adder.
The adder is heavily wounded.
You block the adder's attack. The adder bites you.
You die...

### #....# #...## ..### #....##
##...# ....###.....# ####...##
#### ............###.....)# #..#
##..........#.......## ##.#
###...##.........### #.#
######........#### #.#
##.######...###################.#
......# #......S@.............#.#
.....####..).....#####..#######.#
........)#.#.#..................#
.....###.#.#.#########..#########
....## #.#).........###># ....#
##(#.#+#..........# ....#
#(.(......###.##..# ....#
#.........#.#..#..# ....#
#.........#....#..#


You could see an adder.

Vanquished Creatures
  An ogre (D:4)
  A scorpion (D:4)
  Terence (D:3)
  A worker ant (D:4)
  2 adders
  2 worms (D:2)
  2 dart slugs (D:2)
  An orc (D:3)
  A ball python (D:3)
  8 bats
  4 giant cockroaches
  2 goblins
  8 hobgoblins
  2 jackals (D:3)
  8 kobolds
  3 quokkas
  A frilled lizard (D:1)
  A leopard gecko skeleton (D:4)
  4 rats
53 creatures vanquished.

Notes
Turn   | Place    | Note
-------+----------+-------------------------------------------
     0 | D:1      | equalderp2856 the Mummy Fighter began the quest for the Orb.
     0 | D:1      | Reached XP level 1. HP: 18/18 MP: 1/1
   131 | D:1      | Reached XP level 2. HP: 16/24 MP: 2/2
  1229 | D:2      | Reached XP level 3. HP: 29/29 MP: 3/3
  1695 | D:3      | Noticed Terence
  1710 | D:3      | Killed Terence
  1746 | D:3      | Reached XP level 4. HP: 32/35 MP: 4/4
  1756 | D:3      | Found a sparkling altar of Nemelex Xobeh.
  2457 | D:4      | Reached XP level 5. HP: 39/42 MP: 5/5
  2494 | D:4      | Noticed an ogre
  2924 | D:4      | Killed an ogre
  2924 | D:4      | Reached skill level 1 in Dodging
  2972 | D:4      | Found a burning altar of Makhleb.
  2972 | D:4      | Found an ancient bone altar of Kikubaaqudgha.
  2973 | D:4      | Found a shattered altar of Ashenzari.
  2974 | D:4      | Found a blossoming altar of Fedhas.
  2974 | D:4      | Found a stormy altar of Qazlal.
  2975 | D:4      | Found a glowing golden altar of the Shining One.
  4504 | D:5      | Entered Level 5 of the Dungeon
  4518 | D:5      | Noticed a sky beast
  4934 | D:2      | HP: 1/42 [adder (5)]
  4937 | D:2      | Slain by an adder

Skill      XL: |  1  2  3  4  5 |
---------------+----------------+-----
Long Blades    | 2 3 |  3.2
Armour         | 3 |  3.0
Dodging        | 1 |  1.2
Shields        | 3 |  3.3
Fighting       | |  3.9
Stealth        | |  0.1

Action                   |  1- 3 |  4- 6 || total
-------------------------+-------+-------++-------
Melee: Long sword        |    95 |       ||    95
       Falchion          |    15 |   128 ||   143
Armor: Scale mail        |    43 |     4 ||    47
       Robe              |       |    26 ||    26
Dodge: Dodged            |    29 |    39 ||    68
Block: Shield            |    61 |    77 ||   138
       Rpst.: Long sword |    10 |       ||    10
       Falchion          |     2 |    15 ||    17
